 Dungeon Crawl Stone Soup version 0.29.1-12-g30fa7ad0bf (webtiles) character file.

Game seed: 7683326868488725072

329 melloss the Covert (level 6, 0/30 HPs)
             Began as a Spriggan Brigand on Dec 23, 2022.
             Slain by a killer bee (8 damage)
             ... on level 4 of the Dungeon.
             The game lasted 00:15:13 (3875 turns).

melloss the Covert (Spriggan Brigand)               Turns: 3875, Time: 00:15:14

Health: 0/30       AC: -6    Str:  7    XL:     6   Next: 25%
Magic:  12/13      EV: 20    Int: 12    God:
Gold:   267        SH:  0    Dex: 19    Spells: 12/13 levels left

rFire   + . .      SeeInvis +   v - +1 short sword (speed)
rCold   + . .      Faith    .   (no shield)
rNeg    . . .      Spirit   .   b - +0 robe
rPois   .          Reflect  .   (helmet restricted)
rElec   .          Harm     .   w - scarf {rC+ rF+}
rCorr   .          Rampage  .   (gloves unavailable)
Will    +....                   (boots unavailable)
Stlth   ++++......              (no amulet)
HPRegen 0.10/turn               (no ring)
MPRegen 0.13/turn               (no ring)

@: lethally poisoned (0 -> -1), corroded, very quick
A: very small, no large weapons, unfitting armour, see invisible, speed 3
a: no special abilities


You were on level 4 of the Dungeon.
You visited 1 branch of the dungeon, and saw 4 of its levels.

You collected 267 gold pieces.

Inventory:

Hand Weapons
 a - a +2 dagger
 v - a +1 short sword of speed (weapon)
Missiles
 d - 14 poisoned darts
 e - a curare-tipped dart (quivered)
 r - 5 atropa-tipped darts
 y - a throwing net
Armour
 b - a +0 robe (worn)
 c - a +0 cloak
 w - a scarf of resistance (worn)
Jewellery
 n - a ring of positive energy
 p - a ring of protection from cold
Wands
 z - a wand of polymorph (4)
Scrolls
 f - 5 scrolls of teleportation {unknown}
 k - a scroll of butterflies {unknown}
 m - 4 scrolls of blinking {unknown}
 q - 5 scrolls of identify {unknown}
 s - a scroll of poison {unknown}
Potions
 g - a potion of heal wounds
 h - 3 potions of berserk rage {unknown}
 i - a potion of lignification {unknown}
 j - 3 potions of ambrosia {unknown}
 l - a potion of cancellation {unknown}
 o - 2 potions of flight {unknown}
 t - a potion of degeneration {unknown}
 u - 2 potions of curing {unknown}
 x - a potion of haste {unknown}


   Skills:
 - Level 1.5 Fighting
 - Level 2.1 Short Blades
 - Level 2.0 Throwing
 - Level 5.0 Dodging
 - Level 8.0 Stealth
 + Level 4.4 Spellcasting


You had 12 spell levels left.
You knew the following spells:

 Your Spells              Type           Power      Damage    Failure   Level
a - Summon Small Mammal   Summ           8%         N/A       22%         1

Your spell library contained the following spells:

 Spells                   Type           Power      Damage    Failure   Level
 Inner Flame              Hex/Fire       2%         N/A       54%         3
 Cause Fear               Hex            1%         N/A       91%         4
 Discord                  Hex            1%         N/A       100%        8


Dungeon Overview and Level Annotations

Branches:
Dungeon (4/15)
 Temple: D:4-7

Altars:
Fedhas
Zin

Annotations:
D:3 exclusion: oklob plant


Innate Abilities, Weirdness & Mutations

You are very small and have problems with some larger weapons.
You are too small for most types of armour.
You have supernaturally acute eyesight. (SInv)
You cover ground extremely quickly. (Speed+++)


Message History

Aim: a jelly (severely wounded, 90% to hit)
You throw a curare-tipped dart. The curare-tipped dart hits the jelly.
The jelly is severely wounded.
You hit the jelly but do no damage.
Your hands burn!
The jelly is severely wounded.
You hit the jelly but do no damage.
Your hands burn!
The jelly is severely wounded.
The jelly misses you.
You hit the jelly. The acid corrodes you!
Your hands burn!
* * * LOW HITPOINT WARNING * * *
The jelly is severely wounded.
You feel much better.
Aiming: Polymorph
Press: ? - help, Shift-Dir - straight line, f/p - jelly
Aim: a jelly (severely wounded, will become a killer bee, a ball python, or a frilled lizard, chance to affect: 57%)
The jelly resists with significant effort.
Aiming: Polymorph
Press: ? - help, Shift-Dir - straight line, f/p - jelly
Aim: a jelly (severely wounded, will become a killer bee, a ball python, or a frilled lizard, chance to affect: 57%)
The jelly evaporates and reforms as a killer bee!
You barely miss the killer bee. The killer bee misses you.
You closely miss the killer bee. The killer bee completely misses you.
The killer bee closely misses you.
You miss the killer bee. The killer bee closely misses you.
You hit the killer bee but do no damage.
The killer bee completely misses you.
You hit the killer bee but do no damage.
The killer bee closely misses you. The killer bee stings you!
You hit the killer bee but do no damage.
The killer bee stings you.
You are poisoned.
The killer bee poisons you!
You closely miss the killer bee.
You feel sick. The killer bee stings you!
You feel sick. The killer bee closely misses you.
You feel sick.
You feel sick.
The killer bee attacks as you move away!
The killer bee misses you.
You feel sick. The killer bee stings you!
You die...

#..##...## ##.#....##
#.....#..### ##.####....
#.#.####...####....###...
####.####........<.......
##.###................
##.#....###.......... ###
#....### #.......... #.##
##..y## ##.........
##.####..#@# #.)......#
##..##..#.## ##........#
###...##..# ##.....⌠....
##.###..####.........##
#.......##.........##
#.................####
###....###..###........#
#####......# #..#
##........ #..#.####..#
#..# ##.....##


You could see a killer bee.

Vanquished Creatures
  An ogre (D:4)
  A scorpion (D:4)
  A hound (D:4)
  4 adders
  A gnoll (D:1)
  An ufetubus (D:4)
  2 worms
  A dart slug (D:4)
  5 orcs
  5 endoplasms
  3 giant cockroaches
  5 goblins
  11 hobgoblins
  7 jackals
  3 quokkas
  8 ball pythons
  10 bats
  5 frilled lizards
  11 kobolds
  6 rats
91 creatures vanquished.

Vanquished Creatures (others)
  8 toadstools (D:3)
8 creatures vanquished.

Grand Total: 99 creatures vanquished

Notes
Turn   | Place    | Note
-------+----------+-------------------------------------------
     0 | D:1      | melloss the Spriggan Brigand began the quest for the Orb.
     0 | D:1      | Reached XP level 1. HP: 10/10 MP: 2/2
    47 | D:1      | Reached skill level 6 in Stealth
    80 | D:1      | Reached XP level 2. HP: 10/14 MP: 3/3
   551 | D:1      | Reached XP level 3. HP: 18/18 MP: 4/4
   855 | D:2      | Reached skill level 7 in Stealth
   906 | D:2      | Found a glowing silver altar of Zin.
  1289 | D:2      | Reached XP level 4. HP: 22/22 MP: 5/5
  1526 | D:2      | Found a faded altar of an unknown god.
  1534 | D:2      | Got Plato's Textbook on the Entourage
  2164 | D:3      | Found a blossoming altar of Fedhas.
  2178 | D:3      | Noticed an oklob plant
  3026 | D:4      | Reached skill level 8 in Stealth
  3047 | D:4      | Reached XP level 5. HP: 25/25 MP: 6/6
  3224 | D:4      | Noticed an ogre
  3256 | D:4      | Reached skill level 5 in Dodging
  3266 | D:4      | Killed an ogre
  3267 | D:4      | Reached XP level 6. HP: 30/30 MP: 6/12
  3754 | D:4      | Learned a level 1 spell: Summon Small Mammal
  3875 | D:4      | Slain by a killer bee

Illustrated notes

Levels and vault maps discovered:
D:1:      minmay_arrival_up_and_down, layout_rooms, minmay_pentomino_u2
D:2:      layout_basic, shapermc_ecumenical_altar_rom_forum, basic_altar
D:3:      layout_rooms, tgw_fedhas
D:4:      layout_layer_cave, mainiacjoe_overflow_swirl, hangedman_decor_push,
          minivault_5, hangedman_feature_mirror, minmay_fractal_squares_5

Skill      XL: |  1  2  3  4  5  6 |
---------------+-------------------+-----
Stealth        | 6 7 8 |  8.0
Dodging        | 2 3 4 5 |  5.0
Spellcasting   | 3 4 |  4.4
Fighting       | |  1.5
Short Blades   | |  2.1
Throwing       | |  2.0

Action                   |  1- 3 |  4- 6 || total
-------------------------+-------+-------++-------
Melee: Dagger            |   102 |    41 ||   143
       Short sword       |       |    52 ||    52
Throw: Dart              |    10 |    45 ||    55
 Cast: Summon Small Mamm |       |     7 ||     7
Evoke: Wand              |       |     2 ||     2
  Use: Potion            |       |     2 ||     2
 Stab: Sleeping          |    11 |    10 ||    21
       Distracted        |       |     1 ||     1
Armor: Robe              |    15 |    10 ||    25
Dodge: Dodged            |    67 |    60 ||   127
